General information
- name: BNet
- type: Ladder team game (AT/RT)
- host: Battle.net
- saver: OGTurncoat
map: Deathknell
- players: 8
- length: 28:30
- speed: Fast
- version: 1.26 W3XP
- replay type: Public
» download(180 KB)
Players
team 1 (loser)

»
BrickCityBaby (
purple | 37 APM | 950 actions | 25:28)
9 Archmage
3 Summon Water Elemental
3 Brilliance Aura
1 Mass Teleport
2 Blizzard
» actions
| Basic commands | 1 | |
| Build / train | 56 | |
| Enter build submenu | 26 | |
| Enter hero's abilities submenu | 9 | |
| Remove unit from queue | 2 | |
| Right click | 559 | |
| Select / deselect | 250 | |
| Use ability | 47 | |
950 total
» units
| Peasant | 13 | |
| Footman | 6 | |
| Gryphon Rider | 7 | |
| Dragonhawk Rider | 2 | |
28 total
» upgrades
| Lumber Harvesting | 1 | |
| Swords | 3 | |
| Armor | 3 | |
| Storm Hammers | 1 | |
8 total
» buildings
| Farm | 13 | |
| Altar of Kings | 1 | |
| Barracks | 1 | |
| Lumber Mill | 1 | |
| Keep | 2 | |
| Scout Tower | 2 | |
| Arcane Vault | 1 | |
| Blacksmith | 1 | |
| Guard Tower | 1 | |
| Castle | 1 | |
| Gryphon Aviary | 2 | |
| Town Hall | 2 | |
28 total
» build order
00:09 Farm
00:12 Altar of Kings
00:32 Barracks
00:39 Farm
01:32 Farm
01:47 Lumber Mill
02:08 Farm
02:08 Farm
03:22 Keep
03:32 Scout Tower
03:36 Scout Tower
04:14 Arcane Vault
04:34 Blacksmith
04:35 Guard Tower
04:58 Farm
05:03 Farm
05:10 Farm
05:46 Castle
05:50 Gryphon Aviary
07:01 Farm
07:07 Gryphon Aviary
07:52 Farm
08:34 Farm
08:57 Farm
08:59 Farm
10:18 Town Hall
21:13 Town Hall
24:31 Keep
» items
| Scroll of Regeneration | 1 | |
| Scroll of Town Portal | 1 | |
| Healing Salve | 1 | |
3 total
4v4suck (
yellow | 50 APM | 1430 actions | 28:23)
7 Mountain King
3 Storm Bolt
3 Bash
1 Avatar
» actions
| Build / train | 170 | |
| ESC pressed | 15 | |
| Enter build submenu | 49 | |
| Enter hero's abilities submenu | 7 | |
| Right click | 611 | |
| Select / deselect | 449 | |
| Use ability | 129 | |
1430 total
» units
| Peasant | 25 | |
| Footman | 13 | |
| Goblin Shredder | 3 | |
| Flying Machine | 1 | |
| Siege Engine | 9 | |
| Knight | 18 | |
69 total
» upgrades
| Masonry | 3 | |
| Swords | 4 | |
| Plating | 4 | |
| Gunpowder | 3 | |
| Barrage | 1 | |
15 total
» buildings
| Barracks | 1 | |
| Farm | 15 | |
| Altar of Kings | 1 | |
| Lumber Mill | 1 | |
| Town Hall | 3 | |
| Scout Tower | 12 | |
| Arcane Tower | 2 | |
| Guard Tower | 33 | |
| Keep | 2 | |
| Arcane Vault | 1 | |
| Castle | 3 | |
| Blacksmith | 1 | |
| Workshop | 5 | |
80 total
» build order
00:13 Barracks
00:25 Farm
00:32 Altar of Kings
01:05 Farm
01:49 Farm
02:29 Farm
03:19 Farm
04:16 Lumber Mill
04:38 Town Hall
04:48 Scout Tower
05:15 Farm
05:17 Scout Tower
05:18 Arcane Tower
05:18 Arcane Tower
06:27 Scout Tower
06:28 Guard Tower
06:28 Guard Tower
06:32 Scout Tower
06:37 Scout Tower
06:45 Keep
06:46 Keep
06:50 Farm
07:00 Scout Tower
07:03 Scout Tower
07:05 Guard Tower
07:05 Guard Tower
07:05 Guard Tower
07:34 Scout Tower
07:35 Scout Tower
07:44 Scout Tower
08:08 Guard Tower
08:21 Guard Tower
08:50 Guard Tower
08:50 Guard Tower
08:52 Guard Tower
08:52 Guard Tower
09:00 Guard Tower
09:01 Guard Tower
09:17 Arcane Vault
09:23 Castle
09:23 Castle
09:23 Castle
09:26 Blacksmith
10:50 Scout Tower
11:05 Workshop
11:15 Farm
11:21 Guard Tower
11:21 Guard Tower
12:01 Guard Tower
12:07 Guard Tower
12:10 Guard Tower
12:10 Guard Tower
12:26 Workshop
14:01 Farm
14:42 Workshop
15:05 Farm
15:35 Workshop
15:39 Workshop
15:51 Farm
16:09 Farm
18:49 Farm
21:29 Town Hall
25:41 Town Hall
26:58 Farm
27:01 Farm
» items
| Lesser Clarity Potion | 4 | |
| Scroll of Regeneration | 2 | |
| Scroll of Town Portal | 5 | |
| Ivory Tower | 9 | |
| Scroll of Speed | 1 | |
| Orb of Lightning | 1 | |
| Potion of Healing | 4 | |
| Staff of Sanctuary | 1 | |
27 total
C.eLL.o (
green | 35 APM | 625 actions | 17:48)
3 Blademaster
2 Mirror Image
1 Wind Walk
1 Tauren Chieftain
1 War Stomp
» actions
| Basic commands | 3 | |
| Build / train | 51 | |
| Enter build submenu | 27 | |
| Enter hero's abilities submenu | 4 | |
| Give item / drop item | 1 | |
| Remove unit from queue | 4 | |
| Right click | 161 | |
| Select / deselect | 304 | |
| Use ability | 70 | |
625 total
» units
| Peon | 12 | |
| Grunt | 2 | |
| Troll Headhunter/Berserker | 3 | |
| Goblin Shredder | 1 | |
| Raider | 6 | |
| Shaman | 2 | |
| Troll Witch Doctor | 2 | |
| Troll Batrider | 1 | |
| Wind Rider | 1 | |
30 total
» upgrades
| Shaman Training | 2 | |
| Witch Doctor Training | 2 | |
| Ensnare | 1 | |
| Liquid Fire | 1 | |
| Armor | 1 | |
7 total
» buildings
| Orc Burrow | 9 | |
| Altar of Storms | 1 | |
| Barracks | 1 | |
| War Mill | 1 | |
| Voodoo Lounge | 1 | |
| Stronghold | 1 | |
| Great Hall | 1 | |
| Watch Tower | 6 | |
| Fortress | 1 | |
| Spirit Lodge | 2 | |
| Beastiary | 3 | |
27 total
» build order
00:46 Orc Burrow
00:49 Altar of Storms
01:56 Barracks
01:58 Orc Burrow
02:02 War Mill
02:08 Orc Burrow
02:19 Voodoo Lounge
04:37 Stronghold
07:12 Great Hall
07:17 Watch Tower
07:19 Watch Tower
07:22 Watch Tower
07:25 Orc Burrow
07:42 Fortress
07:45 Spirit Lodge
07:56 Spirit Lodge
08:03 Beastiary
08:05 Beastiary
08:20 Watch Tower
08:25 Orc Burrow
08:30 Watch Tower
08:34 Watch Tower
09:45 Orc Burrow
14:24 Orc Burrow
14:26 Orc Burrow
14:36 Orc Burrow
15:16 Beastiary
» items
| Healing Salve | 1 | |
| Scroll of Town Portal | 1 | |
2 total

»
enragedpenguin (
orange | 50 APM | 1423 actions | 28:28)
5 Death Knight
2 Death Coil
2 Unholy Aura
1 Death Pact
» actions
| Assign group hotkey | 9 | |
| Basic commands | 45 | |
| Build / train | 94 | |
| Enter build submenu | 21 | |
| Enter hero's abilities submenu | 5 | |
| Remove unit from queue | 1 | |
| Right click | 722 | |
| Select / deselect | 404 | |
| Select group hotkey | 41 | |
| Use ability | 81 | |
1423 total
» units
| Acolyte | 13 | |
| Ghoul | 8 | |
| Crypt Fiend | 3 | |
| Gnoll Overseer | 1 | |
| Mud Golem | 1 | |
| Necromancer | 5 | |
| Meatwagon | 5 | |
| Gargoyle | 3 | |
| Obsidian Statue | 26 | |
65 total
» upgrades
| Unholy Strength | 2 | |
| Unholy Armor | 2 | |
| Necromancer Training | 2 | |
| Skeletal Longevity | 1 | |
| Exhume Corpses | 1 | |
| Disease Cloud | 1 | |
| Skeletal Mastery | 1 | |
| Destroyer Form | 1 | |
11 total
» buildings
| Altar of Darkness | 1 | |
| Graveyard | 1 | |
| Ziggurat | 8 | |
| Crypt | 1 | |
| Spirit Tower | 2 | |
| Tomb of Relics | 1 | |
| Halls of the Dead | 1 | |
| Black Citadel | 2 | |
| Temple of the Damned | 2 | |
| Slaughterhouse | 4 | |
23 total
» build order
00:09 Altar of Darkness
00:18 Graveyard
00:22 Ziggurat
00:53 Crypt
01:53 Spirit Tower
01:59 Tomb of Relics
05:24 Ziggurat
05:24 Ziggurat
05:26 Ziggurat
05:26 Ziggurat
05:29 Halls of the Dead
06:55 Spirit Tower
08:16 Black Citadel
08:29 Temple of the Damned
08:30 Temple of the Damned
08:32 Slaughterhouse
08:34 Slaughterhouse
09:56 Slaughterhouse
11:46 Black Citadel
15:29 Ziggurat
15:30 Ziggurat
15:42 Ziggurat
17:43 Slaughterhouse
» items
team 2 (winner)

»
Fingernails (
pink | 72 APM | 2046 actions | 28:28)
4 Demon Hunter
2 Evasion
2 Mana Burn
4 Warden
2 Shadow Strike
2 Blink
» actions
| Assign group hotkey | 265 | |
| Basic commands | 282 | |
| Build / train | 83 | |
| ESC pressed | 5 | |
| Enter build submenu | 39 | |
| Enter hero's abilities submenu | 8 | |
| Right click | 332 | |
| Select / deselect | 503 | |
| Select group hotkey | 447 | |
| Use ability | 82 | |
2046 total
» units
| Wisp | 41 | |
| Hippogryph | 7 | |
| Chimaera | 7 | |
55 total
» upgrades
| Strength of the Wild | 3 | |
| Reinforced Hides | 3 | |
| Corrosive Breath | 1 | |
| Strength of the Moon | 1 | |
| Moon Armor | 1 | |
9 total
» buildings
| Moon Well | 12 | |
| Altar of Elders | 2 | |
| Tree of Ages | 1 | |
| Hunter's Hall | 1 | |
| Ancient of Wonders | 1 | |
| Tree of Eternity | 2 | |
| Ancient Protector | 8 | |
| Ancient of Wind | 1 | |
| Tree of Life | 4 | |
| Chimaera Roost | 2 | |
| Ancient of Lore | 2 | |
| Ancient of War | 1 | |
37 total
» build order
00:28 Moon Well
01:01 Altar of Elders
01:20 Moon Well
02:16 Tree of Ages
02:39 Moon Well
03:24 Moon Well
03:30 Hunter's Hall
03:47 Ancient of Wonders
04:17 Moon Well
04:43 Tree of Eternity
04:46 Ancient Protector
05:06 Ancient Protector
05:16 Ancient of Wind
05:51 Tree of Eternity
07:40 Tree of Life
08:20 Chimaera Roost
08:46 Ancient Protector
08:58 Ancient Protector
09:52 Chimaera Roost
13:08 Moon Well
14:42 Moon Well
15:55 Moon Well
17:01 Ancient Protector
17:05 Ancient Protector
19:30 Ancient Protector
19:38 Ancient Protector
20:55 Ancient of Lore
20:58 Ancient of Lore
21:03 Tree of Life
21:48 Tree of Life
23:26 Tree of Life
25:11 Moon Well
25:31 Moon Well
26:45 Moon Well
26:50 Moon Well
27:12 Altar of Elders
27:21 Ancient of War
» items
| Scroll of Town Portal | 2 | |
| Potion of Healing | 2 | |
| Potion of Mana | 2 | |
6 total

»
DagaDo (
blue | 51 APM | 1456 actions | 28:28)
6 Archmage
3 Summon Water Elemental
2 Brilliance Aura
1 Mass Teleport
6 Mountain King
3 Storm Bolt
2 Bash
1 Avatar
» actions
| Assign group hotkey | 12 | |
| Basic commands | 78 | |
| Build / train | 82 | |
| Enter build submenu | 37 | |
| Enter hero's abilities submenu | 12 | |
| Give item / drop item | 1 | |
| Remove unit from queue | 2 | |
| Right click | 468 | |
| Select / deselect | 522 | |
| Select group hotkey | 149 | |
| Use ability | 92 | |
1456 total
» units
| Peasant | 10 | |
| Footman | 5 | |
| Rifleman | 6 | |
| Spell Breaker | 2 | |
| Priest | 5 | |
| Sorceress | 3 | |
| Mortar Team | 7 | |
| Knight | 5 | |
43 total
» upgrades
| Lumber Harvesting | 1 | |
| Priest Training | 2 | |
| Sorceress Training | 3 | |
| Defend | 1 | |
| Masonry | 3 | |
| Animal War Training | 1 | |
| Plating | 1 | |
12 total
» buildings
| Altar of Kings | 2 | |
| Barracks | 3 | |
| Farm | 10 | |
| Keep | 1 | |
| Arcane Vault | 1 | |
| Scout Tower | 14 | |
| Lumber Mill | 1 | |
| Blacksmith | 1 | |
| Guard Tower | 7 | |
| Arcane Sanctum | 2 | |
| Castle | 1 | |
| Town Hall | 2 | |
| Workshop | 1 | |
46 total
» build order
00:10 Altar of Kings
00:24 Barracks
00:26 Farm
00:42 Farm
03:03 Keep
03:06 Arcane Vault
03:15 Farm
03:26 Scout Tower
03:31 Scout Tower
03:47 Lumber Mill
05:06 Blacksmith
05:34 Farm
05:35 Guard Tower
05:37 Arcane Sanctum
06:27 Arcane Sanctum
06:54 Farm
07:46 Farm
08:06 Castle
09:07 Farm
09:44 Town Hall
09:57 Scout Tower
10:16 Scout Tower
10:32 Farm
12:05 Guard Tower
12:06 Scout Tower
12:07 Scout Tower
12:37 Guard Tower
14:53 Guard Tower
15:04 Workshop
17:09 Farm
17:29 Farm
18:22 Scout Tower
18:27 Scout Tower
18:30 Scout Tower
18:32 Scout Tower
19:36 Guard Tower
19:41 Guard Tower
20:00 Guard Tower
21:24 Barracks
24:26 Scout Tower
24:28 Scout Tower
26:46 Town Hall
27:02 Barracks
27:32 Altar of Kings
27:55 Scout Tower
28:15 Scout Tower
» items
OGTurncoat (
teal | 64 APM | 1820 actions | 28:30)
9 Blademaster
3 Wind Walk
3 Critical Strike
1 Bladestorm
2 Mirror Image
» actions
| Assign group hotkey | 68 | |
| Basic commands | 20 | |
| Build / train | 90 | |
| Enter build submenu | 47 | |
| Enter hero's abilities submenu | 9 | |
| Give item / drop item | 6 | |
| Remove unit from queue | 2 | |
| Right click | 733 | |
| Select / deselect | 351 | |
| Select group hotkey | 301 | |
| Use ability | 193 | |
1820 total
» units
| Peon | 8 | |
| Grunt | 4 | |
| Goblin Shredder | 1 | |
| Wind Rider | 3 | |
| Goblin Sapper | 7 | |
| Troll Batrider | 15 | |
| Goblin Zeppelin | 1 | |
39 total
» upgrades
| Ranged Weapons | 3 | |
| Armor | 3 | |
| Reinforced Defenses | 1 | |
| Liquid Fire | 1 | |
| Envenomed Spears | 1 | |
| Troll Regeneration | 1 | |
| Ensnare | 1 | |
| Melee Weapons | 2 | |
| Pillage | 1 | |
14 total
» buildings
| Orc Burrow | 6 | |
| Altar of Storms | 1 | |
| Barracks | 1 | |
| Voodoo Lounge | 2 | |
| Stronghold | 1 | |
| Great Hall | 2 | |
| War Mill | 2 | |
| Beastiary | 4 | |
| Watch Tower | 37 | |
| Fortress | 1 | |
57 total
» build order
00:12 Orc Burrow
00:52 Altar of Storms
00:53 Barracks
01:05 Orc Burrow
01:39 Voodoo Lounge
02:01 Voodoo Lounge
02:58 Stronghold
03:54 Orc Burrow
05:12 Great Hall
05:20 War Mill
05:58 Beastiary
05:59 Beastiary
06:28 Orc Burrow
07:14 Watch Tower
07:15 Watch Tower
07:15 Watch Tower
07:15 Watch Tower
08:54 Fortress
09:08 War Mill
12:43 Orc Burrow
14:12 Watch Tower
14:12 Watch Tower
14:14 Watch Tower
14:14 Watch Tower
14:19 Beastiary
14:21 Beastiary
14:36 Watch Tower
14:38 Watch Tower
14:42 Watch Tower
18:30 Watch Tower
18:31 Watch Tower
18:33 Watch Tower
18:35 Watch Tower
18:38 Watch Tower
18:40 Watch Tower
18:42 Watch Tower
18:44 Watch Tower
18:47 Watch Tower
19:37 Great Hall
19:40 Watch Tower
19:40 Watch Tower
19:40 Watch Tower
19:41 Watch Tower
19:42 Watch Tower
19:43 Watch Tower
19:43 Watch Tower
19:44 Watch Tower
19:45 Watch Tower
19:45 Watch Tower
19:47 Watch Tower
19:47 Watch Tower
19:51 Watch Tower
21:00 Orc Burrow
28:27 Watch Tower
28:27 Watch Tower
28:27 Watch Tower
28:28 Watch Tower
» items
| Healing Salve | 6 | |
| Mechanical Critter | 2 | |
| Scroll of Regeneration | 2 | |
| Potion of Healing | 3 | |
| Scroll of Town Portal | 3 | |
| Orb of Lightning | 1 | |
| Potion of Mana | 3 | |
| Lesser Clarity Potion | 3 | |
23 total
TheIrishman (
red | 25 APM | 483 actions | 19:06)
1 Demon Hunter
1 Immolation
» actions
| Build / train | 68 | |
| Enter build submenu | 20 | |
| Enter hero's abilities submenu | 1 | |
| Remove unit from queue | 1 | |
| Right click | 148 | |
| Select / deselect | 198 | |
| Use ability | 46 | |
483 total
» units
| Wisp | 41 | |
| Archer | 7 | |
| Hippogryph | 2 | |
| Mountain Giant | 5 | |
| Dryad | 1 | |
56 total
» upgrades
| Strength of the Wild | 2 | |
| Reinforced Hides | 2 | |
| Hardened Skin | 1 | |
| Resistant Skin | 1 | |
| Abolish Magic | 1 | |
7 total
» buildings
| Altar of Elders | 1 | |
| Moon Well | 11 | |
| Ancient of War | 1 | |
| Ancient of Wonders | 1 | |
| Hunter's Hall | 1 | |
| Tree of Life | 1 | |
| Tree of Ages | 1 | |
| Ancient Protector | 5 | |
| Tree of Eternity | 1 | |
| Ancient of Lore | 3 | |
| Ancient of Wind | 1 | |
27 total
» build order
00:08 Altar of Elders
00:33 Moon Well
00:49 Moon Well
01:23 Ancient of War
01:35 Ancient of Wonders
01:50 Moon Well
02:23 Moon Well
03:30 Moon Well
04:06 Hunter's Hall
04:24 Moon Well
06:27 Tree of Life
06:50 Tree of Ages
08:13 Ancient Protector
08:14 Ancient Protector
08:16 Ancient Protector
08:18 Ancient Protector
08:27 Ancient Protector
09:16 Tree of Eternity
10:13 Moon Well
10:19 Moon Well
10:43 Ancient of Lore
11:18 Ancient of Lore
11:23 Ancient of Lore
11:31 Ancient of Wind
12:37 Moon Well
12:39 Moon Well
12:40 Moon Well
» items
Chat log
(01:19 / All) OGTurncoat: My EBT, my EBT
(01:22 / All) OGTurncoat: I just swipe my EBT
(01:46 / All) OGTurncoat: eat better today nukkas
(04:53 / Allies) DagaDo: ur tome
(06:24 / All) 4v4suck: lucky my connection is fucked up
(06:35 / Allies) TheIrishman: fuckin a how did he get there
(06:37 / Allies) DagaDo: wood?
(06:47 / Allies) DagaDo: ty
(09:56 / Allies) OGTurncoat: let's kill green expo
(13:30 / Allies) Fingernails: careful
(13:40 / Allies) DagaDo: out
(16:05 / Allies) OGTurncoat: repair
(16:46 / Allies) OGTurncoat: he's not the brighest alwl
(16:56 / Allies) DagaDo: letsd hit and finish
(19:39 / Allies) DagaDo: wood?
(20:37 / Allies) OGTurncoat: out
(20:40 / Allies) OGTurncoat: pit
(20:41 / Allies) OGTurncoat: out
(21:07 / Allies) OGTurncoat: I'm getting lots and lots of bats we need something to kill the tanks
(21:17 / Allies) DagaDo: moving to knights
(21:24 / Allies) OGTurncoat: morts too
(21:39 / Allies) Fingernails: moving to dryads and maybe bears
(22:01 / Allies) Fingernails: gold?
(22:14 / Allies) Fingernails: help
(22:19 / Allies) OGTurncoat: I'll tp soon
(22:20 / Allies) DagaDo: goota go
(23:13 / Allies) OGTurncoat: bolt mk
(23:14 / Allies) OGTurncoat: bolt mk
(23:19 / Allies) OGTurncoat: blt mk
(23:21 / Allies) OGTurncoat: too late
(23:57 / Allies) Fingernails: nice
(25:09 / Allies) OGTurncoat: call to arms
(25:37 / Allies) OGTurncoat: don;t let em expand
(27:36 / Allies) Fingernails: I'll get a wisp by it
(27:52 / Allies) OGTurncoat: can you kill that blue
(27:57 / Allies) DagaDo: yes
(28:09 / Allies) DagaDo: repair?